 Dungeon Crawl Stone Soup version 0.31-a0-1338-gb567cfdca4 (webtiles) character file.

Game seed: 8930191335961754333

3456 GloriousHammer the Fighter (level 10, -20/123 HPs)
             Began as an Oni Warper on Dec 21, 2023.
             Was an Initiate of the Shining One.
             Demolished by a two-headed ogre
             ... wielding a +0 giant club
              (34 damage)
             ... on level 7 of the Dungeon.
             The game lasted 00:20:20 (5507 turns).

GloriousHammer the Fighter (Oni Warper)             Turns: 5507, Time: 00:20:20

Health: -20/123    AC: -8    Str: 22    XL:     10   Next: 6%
Magic:  16/16      EV:  9    Int: 16    God:    the Shining One [......]
Gold:   343        SH:  0    Dex:  8    Spells: 6/17 levels left

rFire   . . .        b - +11 short sword "Uwnoeli" {venom, *Noise rC+ Str+3}
rCold   + . .        (no shield)
rNeg    . . .        u - +1 robe
rPois   .            (helmet currently unavailable)
rElec   .            (cloak currently unavailable)
rCorr   .            (gloves unavailable)
SInv    .            (boots unavailable)
Will    +....        g - amulet of regeneration
Stlth   +            (no ring)
HPRegen 1.20/turn    (no ring)
MPRegen 0.15/turn

%: no passive effects
@: beast-form, corroded, glowing
A: beast (slay +0), drunken brawling, large, unfitting armour, horns 1, tough
skin 1, double potion healing
a: Begin Untransformation, Renounce Religion


You were on level 7 of the Dungeon.
You worshipped the Shining One.
The Shining One was noncommittal.
You were a hulking beast.
You visited 2 branches of the dungeon, and saw 8 of its levels.

You collected 343 gold pieces.

Inventory:

Hand Weapons
 b - the +11 short sword "Uwnoeli" (weapon) {venom, *Noise rC+ Str+3}
   (You found it on level 2 of the Dungeon)

   Str+3:     It affects your strength (+3).
   rC+:       It protects you from cold.
   *Noise:    It may make a loud noise when swung.
 c - a +0 giant spiked club
 y - a +0 flail
 H - a +1 whip of flaming
Missiles
 d - 7 darts of dispersal
 i - 65 stones
 m - a boomerang
 r - a throwing net (quivered)
Armour
 u - a +1 robe (worn)
Jewellery
 g - an amulet of regeneration (around neck)
 A - an amulet of reflection
Talismans
 C - a beast talisman (active)
Wands
 j - a wand of charming (9)
 D - a wand of iceblast (10)
 I - a wand of mindburst (18)
 J - a wand of flame (18)
 M - a wand of light (14)
Scrolls
 e - 2 scrolls of teleportation
 h - 2 scrolls of revelation
 n - 3 scrolls of enchant weapon
 o - 3 scrolls of vulnerability {unknown}
 p - a scroll of acquirement {unknown}
 q - a scroll of fear {unknown}
 v - 2 scrolls of immolation {unknown}
 w - 7 scrolls of enchant armour
 x - 2 scrolls of noise {unknown}
 E - a scroll of torment {unknown}
Potions
 a - 2 potions of curing
 f - 2 potions of might {unknown}
 k - 2 potions of berserk rage {unknown}
 l - a potion of invisibility {unknown}
 s - 2 potions of cancellation {unknown}
 z - 2 potions of lignification {unknown}
 B - 3 potions of magic {unknown}
 F - a potion of haste {unknown}
 G - a potion of mutation {unknown}
 K - a potion of degeneration {unknown}
 L - 2 potions of attraction {unknown}


   Skills:
 * Level 14.7 Fighting
 - Level 1.0 Short Blades
 + Level 5.1 Maces & Flails
 - Level 4.0 Throwing
 - Level 2.1 Dodging
 - Level 4.0 Spellcasting
 - Level 4.0 Translocations
 - Level 2.0 Air Magic


You had 6 spell levels left.
You knew the following spells:

 Your Spells              Type           Power      Damage    Failure   Level
a - Blink                 Tloc           32%        N/A       4%          2
b - Lesser Beckoning      Tloc           32%        N/A       4%          2
c - Teleport Other        Tloc           16%        N/A       10%         3
d - Vhi's Electric Charg  Tloc/Air       24%        N/A       43%         4

Your spell library contained the following spells:

 Spells                   Type           Power      Damage    Failure   Level
 Shock                    Conj/Air       24%        1d4       11%         1
 Static Discharge         Conj/Air       12%        3-4/arc   17%         2
 Cigotuvi's Dreadful Rot  Necr/Alch/Air  10%        N/A       21%         2
 Swiftness                Air            9%         N/A       22%         3
 Manifold Assault         Tloc           16%        N/A       32%         4
 Stone Arrow              Conj/Erth      6%         3d7       45%         3
 Airstrike                Air            4%         2d(1-17)  58%         4
 Summon Lightning Spire   Summ/Air       6%         N/A       73%         4
 Animate Armour           Summ/Erth      6%         N/A       86%         4
 Ignite Poison            Fire/Alch      3%         N/A       86%         4
 Freezing Cloud           Conj/Ice/Air   2%         6-21      98%         5
 Lehudib's Crystal Spear  Conj/Erth      1%         10d2      100%        8


Dungeon Overview and Level Annotations

Branches:
Dungeon (7/15)             Temple (1/1) D:6

Altars:
Ashenzari
Cheibriados
Fedhas
Gozag
Hepliaklqana
Kikubaaqudgha
Okawaru
Qazlal
Ru
Sif Muna
Wu Jian
Xom
Zin
The Shining One


Innate Abilities, Weirdness & Mutations

You are a hulking beast.
Your limbs bulge with bestial killing power. (Slay +0)
Whenever you drink a potion that restores your health or magic, you attack all enemies around you.
You are too large for most types of armour.
You have a pair of small horns on your head.
You have tough skin. (AC +1)
Whenever you drink a potion that restores your health or magic, it restores twice as much.


Message History

You feel sick.
You feel sick. The killer bee stings you.
You are more poisoned.
The killer bee poisons you! The killer bee closely misses you.
You hit the two-headed ogre but do no damage.
The two-headed ogre is poisoned.
You feel very sick. The killer bee stings you!
* * * LOW HITPOINT WARNING * * *
The killer bee barely misses you.
The two-headed ogre hits you with a +0 giant club!!
* * * LOW HITPOINT WARNING * * *
The two-headed ogre hits you with a +0 giant club!
The Shining One protects you from harm!
You take a swig of the potion and twirl the +11 short sword "Uwnoeli" {venom, *Noise rC+ Str+3}.
You hit the killer bee.
The killer bee looks as sick as possible!
The killer bee is severely wounded.
You hit the two-headed ogre but do no damage.
The two-headed ogre looks as sick as possible!
You savour every drop.
You feel much better.
You feel very sick.
You kill the killer bee!
You barely miss the two-headed ogre.
The two-headed ogre is lightly wounded.
You feel sick.
You feel a bit more experienced. The two-headed ogre barely misses you.
The two-headed ogre hits you with a +0 giant club!!
You hit the two-headed ogre.
The two-headed ogre looks as sick as possible!
You headbutt the two-headed ogre.
The two-headed ogre is lightly wounded.
You feel sick. The two-headed ogre barely misses you.
The two-headed ogre hits you with a +0 giant club!!
* * * LOW HITPOINT WARNING * * *
Okay, then.
Throw: 2 throwing nets
Press: ? - help, Q - select action, (/) - cycle Shift-Dir - straight line, f - two-headed ogre
Aim: a two-headed ogre, wielding two +0 giant clubs (lightly wounded, extremely poisoned, 77% to hit)
You throw a throwing net.
The throwing net hits the two-headed ogre.
The two-headed ogre is caught in the net!
The two-headed ogre is lightly wounded.
You feel sick.
You hit the two-headed ogre.
The two-headed ogre is moderately wounded.
You feel sick.
The two-headed ogre struggles against the net.
You hit the two-headed ogre.
The two-headed ogre looks as sick as possible!
You headbutt the two-headed ogre, but do no damage.
The two-headed ogre is heavily wounded.
You feel sick.
The two-headed ogre struggles against the net.
You barely miss the two-headed ogre.
You headbutt the two-headed ogre, but do no damage.
The two-headed ogre is heavily wounded.
You feel sick.
The two-headed ogre struggles against the net.
You hit the two-headed ogre but do no damage.
The two-headed ogre is heavily wounded.
You feel sick.
The two-headed ogre struggles against the net.
You hit the two-headed ogre.
The two-headed ogre looks as sick as possible!
The two-headed ogre is heavily wounded.
You feel sick.
You are no longer poisoned.
The two-headed ogre struggles against the net.
You hit the two-headed ogre but do no damage.
The two-headed ogre looks as sick as possible!
Your short sword "Uwnoeli" howls with laughter!
You headbutt the two-headed ogre, but do no damage.
The two-headed ogre is heavily wounded.
The two-headed ogre struggles against the net.
The net rips apart, and the two-headed ogre comes free!
You barely miss the two-headed ogre. You headbutt the two-headed ogre.
The two-headed ogre is heavily wounded.
The two-headed ogre barely misses you.
The two-headed ogre hits you with a +0 giant club!
* * * LOW HITPOINT WARNING * * *
You hit the two-headed ogre.
The two-headed ogre is severely wounded.
Unknown command.
You hit the two-headed ogre but do no damage.
You headbutt the two-headed ogre, but do no damage.
The two-headed ogre is almost dead.
The two-headed ogre misses you.
The two-headed ogre completely misses you.
You hit the two-headed ogre but do no damage.
The two-headed ogre looks as sick as possible!
The two-headed ogre is almost dead.
Unknown command.
You hit the two-headed ogre.
The two-headed ogre looks as sick as possible!
You headbutt the two-headed ogre, but do no damage.
You punch the two-headed ogre, but do no damage.
The two-headed ogre is almost dead.
The two-headed ogre hits you with a +0 giant club!!
You die...

#..♣ ♣....###
#.......... .....
♣.#..# ####..........
.♣...♣ #.#..#
#............. ♣#♣...
#.#<.###.##..........
♣ ≈...
#.#..#...##..........
#.#..#.##########....
♣......# #....
♣.#....######## ##.##
#...h..#...)[.# #.##
#...O†.#....[.# #...
#.............# #...
#.#...).......# #...
...#...........# #...
♣≈♣ ###.......###
#... ..≈ .....#######
#... .♣ #.#### #... .
#...


You could see a two-headed ogre (extremely poisoned).

Vanquished Creatures
  Pikel (D:6)
  Prince Ribbit (D:7)
  2 wyverns (D:7)
  Menkaure (D:7)
  2 water moccasins (D:7)
  A black bear (D:4)
  2 sky beasts (D:7)
  3 ice beasts
  An ogre (D:6)
  2 crocodiles (D:7)
  A phantom (D:7)
  A lemure (D:6)
  3 bullfrogs
  2 scorpions
  A killer bee (D:7)
  4 howler monkeys
  5 jellies (D:7)
  3 hounds
  A gnoll bouda (D:5)
  An orc priest (D:7)
  5 orc wizards
  A sleepcap (D:7)
  2 iguanas
  A killer bee zombie (D:7)
  9 adders
  8 gnolls
  3 white imps
  A bombardier beetle (D:5)
  4 ufetubi
  A worm (D:2)
  A dart slug (D:2)
  9 orcs
  6 ball pythons
  10 endoplasms
  A giant cockroach (D:3)
  9 goblins
  10 hobgoblins
  3 jackals (D:3)
  3 quokkas
  4 bats
  4 kobolds
  10 rats
  A spectral hobgoblin (D:4)
144 creatures vanquished.

Notes
Turn   | Place    | Note
-------+----------+-------------------------------------------
     0 | D:1      | GloriousHammer the Oni Warper began the quest for the Orb.
     0 | D:1      | Reached XP level 1. HP: 22/22 MP: 3/3
    67 | D:1      | Reached skill level 3 in Fighting
   123 | D:1      | Reached XP level 2. HP: 25/31 MP: 5/5
   702 | D:2      | Reached XP level 3. HP: 36/39 MP: 6/6
   720 | D:2      | Reached skill level 4 in Fighting
   834 | D:2      | Reached XP level 4. HP: 44/49 MP: 7/7
   990 | D:2      | Identified the +11 short sword "Uwnoeli" {venom, *Noise rC+
                  | Str+3}
  1164 | D:2      | Reached skill level 5 in Fighting
  1268 | D:2      | Reached XP level 5. HP: 54/57 MP: 8/8
  1435 | D:3      | Found an opulent altar of Gozag.
  2228 | D:4      | Reached skill level 1 in Short Blades
  2243 | D:4      | Noticed a black bear
  2257 | D:4      | Killed a black bear
  2258 | D:4      | Reached skill level 6 in Fighting
  2258 | D:4      | Reached XP level 6. HP: 52/68 MP: 9/9
  2289 | D:4      | Found an ornate altar of the Wu Jian Council.
  2424 | D:4      | You fall into a shaft and drop 3 floors!
  2433 | D:7      | Noticed a water moccasin
  2446 | D:7      | Killed a water moccasin
  2447 | D:7      | Reached skill level 7 in Fighting
  2463 | D:7      | Reached XP level 7. HP: 44/78 MP: 10/10
  2497 | D:7      | Noticed Menkaure
  2506 | D:7      | Killed Menkaure
  2507 | D:7      | Reached skill level 8 in Fighting
  2551 | D:7      | Learned a level 2 spell: Blink
  2554 | D:7      | Learned a level 2 spell: Lesser Beckoning
  2599 | D:7      | Noticed a wyvern
  2613 | D:7      | Killed a wyvern
  2614 | D:7      | Reached skill level 9 in Fighting
  2614 | D:7      | Reached XP level 8. HP: 24/92 MP: 12/12
  2765 | D:6      | Reached skill level 10 in Fighting
  2929 | D:6      | Found a broken altar of Ashenzari.
  2947 | D:6      | Noticed Pikel
  2961 | D:6      | Killed Pikel
  2962 | D:6      | Reached skill level 11 in Fighting
  3084 | D:6      | Reached skill level 12 in Fighting
  3084 | D:6      | Reached XP level 9. HP: 106/106 MP: 15/15
  3224 | D:5      | Entered Level 5 of the Dungeon
  3749 | D:4      | Found a hazy altar of Hepliaklqana.
  4457 | D:5      | Learned a level 3 spell: Teleport Other
  4462 | D:5      | Learned a level 4 spell: Vhi's Electric Charge
  4512 | D:6      | Found a staircase to the Ecumenical Temple.
  4518 | Temple   | Entered the Ecumenical Temple
  4537 | Temple   | Became a worshipper of the Shining One
  4822 | D:7      | Reached skill level 13 in Fighting
  4825 | D:7      | Reached skill level 1 in Air Magic
  4864 | D:7      | Noticed Prince Ribbit
  4879 | D:7      | Killed Prince Ribbit
  5249 | D:7      | Reached skill level 14 in Fighting
  5421 | D:7      | Reached XP level 10. HP: 110/123 MP: 16/16
  5485 | D:7      | Reached skill level 5 in Maces & Flails
  5487 | D:7      | Noticed a two-headed ogre
  5492 | D:7      | The Shining One protects you from harm!
  5507 | D:7      | Demolished by a two-headed ogre

Illustrated notes

Levels and vault maps discovered:
D:1:      minmay_arrival_loop, layout_basic
D:2:      layout_basic, minmay_misc_feat_chi, st_stairs_2
D:3:      layout_basic, mainiacjoe_overflow_concentric_impassable
D:4:      layout_cave_pools, nicolae_hepliaklqana_monster_ancestors,
          kennysheep_little_box, serial_bayou, serial_bayou_pond_a,
          serial_bayou_pond_d, serial_bayou_lagoon_a, serial_bayou_shore_b
D:5:      layout_loops_ring
D:6:      layout_basic, ashenzari_conservatory_becter, minmay_temple_entry_hall,
          uniq_pikel
D:7:      regret_index_malice_mire, layout_basic, uniq_prince_ribbit1,
          uniq_menkaure
Temple:   nicolae_temple_ecumenical_triangle

Skill      XL: |  1  2  3  4  5  6  7  8  9 10 |
---------------+-------------------------------+-----
Fighting       | 3 4 5 6 7 9 12 14 | 14.7
Throwing       | 2 3 4 |  4.0
Short Blades   | 1 |  1.0
Spellcasting   | 3 4 |  4.0
Translocations | 3 4 |  4.0
Maces & Flails | 4 5 |  5.1
Air Magic      | 2 |  2.0
Dodging        | |  2.1

Action                     |  1- 3 |  4- 6 |  7- 9 | 10-12 || total
---------------------------+-------+-------+-------+-------++-------
  Melee: Mace              |    91 |    15 |       |       ||   106
         Headbutt          |     9 |     7 |    28 |    11 ||    55
         Punch             |     2 |       |     2 |     1 ||     5
         Short sword       |       |    96 |   205 |    26 ||   327
  Throw: Boomerang         |     3 |    11 |     7 |       ||    21
         Throwing net      |       |       |       |     1 ||     1
    Use: Scroll            |       |       |     7 |     1 ||     8
         Potion            |       |       |     1 |     3 ||     4
 Armour: Robe              |    48 |    89 |   156 |    23 ||   316
  Dodge: Dodged            |    58 |    59 |    78 |    14 ||   209
   Form: Beast             |       |       |     1 |       ||     1

Table legend: (Time is in decaauts)
 A = Elapsed time spent in this place.
 B = Non-inter-level travel time spent in this place.
 C = Inter-level travel time spent in this place.
 D = Time resting spent in this place.
 E = Time spent auto-exploring this place.
 F = Levels seen in this place.
 G = Mean time per level.
                   A        B        C        D        E       F      G
               +--------+--------+--------+--------+--------+-----+--------+
         Total |   5524 |   5360 |    164 |    259 |   3528 |   8 |  690.5 |
       Dungeon |   5495 |   5338 |    157 |    259 |   3528 |   7 |  785.0 |
        Temple |     28 |     21 |      7 |      0 |      0 |   1 |   28.0 |
               +--------+--------+--------+--------+--------+-----+--------+

Top non-repeatable levels by time:
     D:7: 951 daAuts
     D:3: 908 daAuts
     D:6: 840 daAuts
     D:5: 806 daAuts
     D:4: 684 daAuts
     D:1: 673 daAuts
     D:2: 631 daAuts
  Temple: 28 daAuts
